cohdb
Replays
Latest Replays
All Replays
Popular Replays
Top Player Replays
Match Explorer
How It Works
Community
CoH3 Stats
Reddit
Sign in to upload your games and track your stats! →
Sign in with Steam
Match 45165063
Unlisted
Match 45165063
Overview
Messages
Build Orders
End
Construct Infanterie Kompanie
Grenadier Squad
Grenadier Squad
Grenadier Squad
GrW 34 Mortar Team
Infanterie Officer Quarters
Selects Mechanized Battlegroup
Selects Mechanized Battlegroup
Medical Bunker
Construct Luftwaffe Kompanie
Selects Mobile Repair Stations
Forward Retreat Point
221 Scout Car
Luftwaffe Officer Quarters
Selects Wespe Self-propelled Artillery
Jäger Squad
Jäger Squad
Wespe Self-propelled Artillery
Selects Raid Package
Selects StuG Assault Group
Wespe Self-propelled Artillery
sarigom
welnez
Potato slicer
Ranger
UMirinBrah?
我真的不是驴
زايون سوف تسقط
Stormwing
0
0
Comments
sign in to comment!
No comments posted yet!